 Dungeon Crawl Stone Soup version 0.31.0-11-ge490571c62 (webtiles) character file.

Game seed: 8164003012985193623

178 Fodor the Covered (level 5, -1/47 HPs)
             Began as a Minotaur Fighter on Feb 1, 2024.
             Was an Initiate of Gozag.
             Killed by nerve-wracking pain
             ... invoked by Menkaure
              (6 damage)
             ... on level 4 of the Dungeon.
             The game lasted 00:22:13 (3098 turns).

Fodor the Covered (Minotaur Fighter)                Turns: 3098, Time: 00:22:17

Health: -1/47      AC:  7    Str: 22    XL:     5   Next: 32%
Magic:  4/4        EV:  9    Int:  5    God:    Gozag
Gold:   85         SH:  4    Dex: 10    Spells: 4/4 levels left

rFire   . . .        a - +0 war axe
rCold   . . .        c - +0 buckler
rNeg    + . .        b - +0 scale mail
rPois   .            (helmet currently unavailable)
rElec   .            j - melded scarf {repulsion}
rCorr   .            (gloves currently unavailable)
SInv    .            (boots currently unavailable)
Will    .....        (no amulet) Stlth
                     p - ring of positive energy
HPRegen 0.27/turn    (no ring)
MPRegen 0.09/turn

%: no passive effects
@: mighty, beast-form, gold aura
A: beast (slay +0), horns 2, retaliatory headbutt
a: Begin Untransformation, Renounce Religion, Potion Petition, Call Merchant,
Bribe Branch


You were on level 4 of the Dungeon.
You worshipped Gozag.
Gozag was noncommittal.
You were a hulking beast.
You visited 2 branches of the dungeon, and saw 5 of its levels.

You collected 144 gold pieces.
You paid 59 gold pieces to Gozag.

Inventory:

Hand Weapons
 a - a +0 war axe (weapon)
Armour
 b - a +0 scale mail (worn)
 c - a +0 buckler (worn)
 f - a +0 cloak
 j - a scarf of repulsion (melded)
 v - a +0 cloak
Jewellery
 p - a ring of positive energy (left hand)
Talismans
 k - a beast talisman (active)
Scrolls
 e - a scroll of noise {unknown}
 i - 5 scrolls of identify {unknown}
 m - a scroll of fog {unknown}
 n - a scroll of blinking {unknown}
 q - 2 scrolls of poison {unknown}
 s - 2 scrolls of teleportation {unknown}
 u - a scroll of immolation {unknown}
Potions
 g - 2 potions of heal wounds {unknown}
 h - 2 potions of enlightenment {unknown}
 l - 2 potions of curing
 o - a potion of magic {unknown}
 r - a potion of lignification {unknown}
 t - a potion of degeneration {unknown}


   Skills:
 + Level 4.5 Fighting
 + Level 4.4 Axes
 + Level 4.7 Armour
 + Level 1.0 Dodging
 + Level 0.2 Stealth
 + Level 4.0 Shields
 + Level 0.8 Shapeshifting


You had 4 spell levels left.
You didn't know any spells.
Your spell library was empty.

Dungeon Overview and Level Annotations

Branches:
Dungeon (4/15)             Temple (1/1) D:4

Altars:
Ashenzari
Cheibriados
Dithmenos
Elyvilon
Fedhas
Gozag
Hepliaklqana
Kikubaaqudgha
Makhleb
Nemelex Xobeh
Okawaru
Qazlal
Ru
Sif Muna
Trog
Uskayaw
Vehumet
Wu Jian
Xom

Annotations:
D:4 Menkaure


Innate Abilities, Weirdness & Mutations

You are a hulking beast.
Your limbs bulge with bestial killing power. (Slay +0)
You have a pair of horns on your head.
You reflexively headbutt those who attack you in melee.


Message History

Menkaure barely misses you. Menkaure hits you.
You barely miss Menkaure.
Menkaure is lightly damaged.
Menkaure is distracted by your dazzling golden aura.
Menkaure shouts!
You slash Menkaure!
Menkaure is no longer distracted by gold.
You headbutt Menkaure!
Menkaure is severely damaged.
Menkaure barely misses you.
A hobgoblin comes into view.
Menkaure hits you!
You completely miss Menkaure.
Menkaure is severely damaged.
Menkaure hits you!
* * * LOW HITPOINT WARNING * * *
The hobgoblin barely misses you.
You barely miss Menkaure.
Menkaure is severely damaged.
You closely miss the hobgoblin.
Menkaure gestures at you while chanting.
Pain shoots through your body!
* * * LOW HITPOINT WARNING * * *
Menkaure hits you.
* * * LOW HITPOINT WARNING * * *
The hobgoblin closely misses you.
It was a potion of curing.
You feel better. Menkaure hits you.
* * * LOW HITPOINT WARNING * * *
The hobgoblin closely misses you.
You feel better.
Menkaure hums a few words.
Menkaure barely misses you. The hobgoblin closely misses you.
You feel very mighty all of a sudden. Menkaure hits you!
* * * LOW HITPOINT WARNING * * *
The hobgoblin closely misses you.
Menkaure gestures at you while chanting.
Pain shoots through your body!
You die...
Your body crumbles into a pile of gold.

# .#.####..#..#
.............
#######.#...#.....#
..................##
....######....>....
.........#.......######
....................o..
#..............g###
#..............Mh$#######
#...............#........
#...............#########
#.......................#
#......##...............#
#......##...............#
#.......................#
#.......................#
#.......................#


You could see Menkaure (fast) and a hobgoblin.

Vanquished Creatures
  A howler monkey (D:4)
  Terence (D:2)
  5 adders
  A ribbon worm (D:3)
  A dart slug (D:3)
  5 orcs
  2 bats
  5 endoplasms
  5 giant cockroaches
  4 hobgoblins
  4 quokkas
  12 ball pythons
  3 frilled lizards
  4 goblins
  4 kobolds
  3 rats (D:1)
60 creatures vanquished.

Notes
Turn   | Place    | Note
-------+----------+-------------------------------------------
     0 | D:1      | Fodor the Minotaur Fighter began the quest for the Orb.
     0 | D:1      | Reached XP level 1. HP: 19/19 MP: 0/0
   248 | D:1      | Reached XP level 2. HP: 13/27 MP: 1/1
  1139 | D:2      | Reached XP level 3. HP: 33/33 MP: 2/2
  1615 | D:2      | Noticed Terence
  1628 | D:2      | Killed Terence
  1995 | D:2      | Reached XP level 4. HP: 40/41 MP: 3/3
  2103 | D:2      | Reached skill level 1 in Dodging
  2960 | D:4      | Found a staircase to the Ecumenical Temple.
  2966 | Temple   | Entered the Ecumenical Temple
  2986 | Temple   | Became a worshipper of Gozag Ym Sagoz the Greedy
  3082 | D:4      | Reached XP level 5. HP: 37/47 MP: 4/4
  3087 | D:4      | Noticed Menkaure
  3098 | D:4      | Killed from afar by Menkaure

Illustrated notes

Levels and vault maps discovered:
D:1:      beargit_arrival_diablo_church, layout_basic
D:2:      layout_basic, uniq_terence
D:3:      layout_rooms, grunt_decor_cap, st_stairs_5, minmay_snake_closets
D:4:      layout_basic, minmay_temple_entry_fiery, uniq_menkaure
Temple:   nicolae_temple_bog_church

Skill      XL: |  1  2  3  4  5 |
---------------+----------------+-----
Axes           | 3 4 |  4.4
Fighting       | 4 |  4.5
Armour         | 4 |  4.7
Dodging        | 1 |  1.0
Shields        | 4 |  4.0
Stealth        | |  0.2
Shapeshifting  | |  0.8

Action                     |  1- 3 |  4- 6 || total
---------------------------+-------+-------++-------
  Melee: War axe           |    62 |    68 ||   130
         Headbutt          |     8 |    10 ||    18
    Use: Potion            |       |     3 ||     3
 Armour: Scale mail        |    52 |    67 ||   119
  Dodge: Dodged            |    29 |    33 ||    62
  Block: Buckler           |    10 |    10 ||    20
   Form: Beast             |     1 |       ||     1
